AoeStats
← MatzeAoE

Black Forest

504740463Analyzed
1v1 RM · 26d ago on Sep 6, 2026· 44m 59s· 2 players
Game mode
Random Map
Map size
Tiny (2 player)
Population
200
Speed
Normal
Resources
Standard
Victory
Conquest
Starting age
Dark Age
Ending age
Imperial Age
RankedLock teamsTeams togetherTeam positionsShared explorationLock speedFull tech treeHidden civsTurbo modeCheats
Victory
Defeat
🇳🇱 Franks · Netherlands
2051
+18
🇩🇪 Slavs · Germany
2087
-18
Ceeelebrate
0:52 Loom
12:48 Feudal Age
18:21 Castle Age
18:01 Double-Bit Axe
23:56 Wheelbarrow
23:23 Town Watch
25:38 Bow Saw
31:19 Imperial Age
29:30 Scale Barding Armor
29:58 Forging
29:50 Fishing Lines
31:02 Chain Barding Armor
31:46 Iron Casting
31:57 Hand Cart
31:39 Gold Mining
31:40 Stone Mining
31:32 Onager
32:06 Cavalier
33:49 Plate Barding Armor
33:25 Husbandry
36:57 Paladin
38:39 Blast Furnace
37:58 Scale Mail Armor
38:02 Fletching
37:40 Pikeman
38:25 Halberdier
39:06 Squires
40:25 Chain Mail Armor
41:39 Plate Mail Armor
42:14 Conscription
42:30 Arson
45:22 Bodkin Arrow
MatzeAoE
3:00 Loom
14:30 Feudal Age
14:58 Double-Bit Axe
15:41 Fletching
16:33 Town Watch
17:52 Fishing Lines
25:29 Castle Age
26:50 Bow Saw
28:21 Wheelbarrow
27:40 Gillnets
28:37 Gold Mining
28:37 Stone Mining
30:41 Hand Cart
30:58 Town Patrol
33:59 Imperial Age
31:13 Horse Collar
32:13 Scale Mail Armor
32:20 Scale Barding Armor
32:25 Forging
32:41 Forging
33:10 Detinets
33:46 Chain Barding Armor
34:01 Iron Casting
34:07 Bodkin Arrow
34:42 Elite Boyar
38:34 Scale Mail Armor
39:26 Herbal Medicine
40:15 Bloodlines
40:05 Husbandry
41:10 Blast Furnace
40:45 Plate Barding Armor
41:18 Plate Barding Armor
42:30 Gold Shaft Mining
42:53 Druzhina
42:40 Pikeman
43:40 Chain Mail Armor
43:31 Halberdier
Connection lost

Rejoining the realm…

Still unreachable

The connection could not be restored.

Session expired

The server has moved on; the page needs a fresh start.